 Dungeon Crawl Stone Soup version 0.28.0-53-g5a82cb258f (webtiles) character file.

Game seed: 16341317227007019724

86 safid the Chopper (level 4, -3/36 (40) HPs)
             Began as a Hill Orc Fighter on May 31, 2022.
             Slain by a wight
             ... wielding a +2 great sword of freezing
              (10 damage)
             ... on level 3 of the Dungeon.
             The game lasted 00:02:32 (2520 turns).

safid the Chopper (Hill Orc Fighter)                Turns: 2520, Time: 00:02:33

HP:   -3/36 (40)    AC:  8    Str: 20    XL:     4   Next: 50%
MP:   4/4           EV:  9    Int:  8    God:
Gold: 100           SH:  4    Dex: 10    Spells: 3/3 levels left

rFire   . . .      SeeInvis .   a - +0 war axe
rCold   . . .      Faith    .   c - +0 buckler
rNeg    . . .      Spirit   .   b - +0 scale mail
rPois   .          Reflect  .   j - +0 helmet
rElec   .          Harm     .   (no cloak)
rCorr   .          Rampage  .   (no gloves)
Will    .....                   (no boots)
Stlth   ..........              (no amulet)
HPRegen 0.12/turn               (no ring)
MPRegen 0.09/turn               (no ring)

@: heavily drained
A: no striking features
a: no special abilities


You were on level 3 of the Dungeon.
You visited 1 branch of the dungeon, and saw 3 of its levels.

You collected 100 gold pieces.

Inventory:

Hand Weapons
 a - a +0 war axe (weapon)
Armour
 b - a +0 scale mail (worn)
 c - a +0 buckler (worn)
 j - a +0 helmet (worn)
Jewellery
 h - a ring of fire
Wands
 k - a wand of flame (12)
Scrolls
 e - 3 scrolls of teleportation {unknown}
 f - 2 scrolls of identify {unknown}
 l - a scroll of fear {unknown}
Potions
 d - a potion of might
 g - a potion of mutation {unknown}
 i - a potion of magic {unknown}


   Skills:
 - Level 4.0 Fighting
 + Level 4.4 Axes
 - Level 4.0 Armour
 - Level 4.0 Shields


You had 3 spell levels left.
You didn't know any spells.
Your spell library contained the following spells:

 Spells                   Type           Power      Damage    Failure   Level
 Animate Skeleton         Necr           0%         N/A       85%         1
 Pain                     Necr           0%         1d4       85%         1
 Sandblast                Erth           0%         2d4       85%         1
 Shock                    Conj/Air       0%         1d3       85%         1
 Passwall                 Tmut/Erth      0%         N/A       94%         2
 Stone Arrow              Conj/Erth      0%         3d7       99%         3
 Swiftness                Air            0%         N/A       99%         3
 Vampiric Draining        Necr           0%         2d6       99%         3
 Airstrike                Air            0%         N/A       100%        4


Dungeon Overview and Level Annotations

Branches:
Dungeon (3/15)

Altars:


Message History

Done exploring.
Done exploring.
Done exploring.
(D) Dungeon
Where to? (Enter - D:2 @ (x,y), ? - help)
There is an open door here.
There is a stone staircase leading down here.
You climb downwards.
There is a stone staircase leading up here.
A wight comes into view. It is wielding a +0 great sword.
A wight is nearby!
A wight is nearby!
A wight is nearby!
A wight is nearby! 3 wights come into view.
A wight is wielding a +2 great sword of freezing.
A wight is wielding a +2 short sword of speed.
You barely miss the wight.
The wight hits you with a +2 short sword of speed.
You hit the wight.
The wight is lightly damaged.
You hit the wight but do no damage. The wight barely misses you. x3
You hit the wight but do no damage.
The wight is lightly damaged.
You hit the wight but do no damage.
The wight hits you with a +2 short sword of speed.
You slash the wight!
The wight is heavily damaged.
You completely miss the wight.
The wight hits you with a +2 short sword of speed.
You feel drained. You block the wight's attack.
You barely miss the wight.
The wight is heavily damaged.
You hit the wight. The wight barely misses you. x2
The wight hits you with a +2 great sword of freezing!!
Ouch! That really hurt!
* * * LOW HITPOINT WARNING * * *
You feel drained.
* * * LOW HITPOINT WARNING * * *
The wight freezes you!
You die...

###
##############...
.....zz@.....#.#
.....zz#.......#
.....#.#.###.####
.... #.#.# #....#
... #.#.# ####.#
## ..#.######.#
#.#.#......#
###.#.######
#.#<.#


You could see 4 wights.

Vanquished Creatures
  3 gnolls (D:2)
  An adder (D:2)
  2 dart slugs
  7 bats
  4 endoplasms
  A giant cockroach (D:1)
  6 goblins
  6 jackals (D:2)
  2 quokkas
  4 ball pythons
  A frilled lizard (D:1)
  4 kobolds
  3 rats (D:2)
44 creatures vanquished.

Notes
Turn   | Place    | Note
-------+----------+-------------------------------------------
     0 | D:1      | safid the Hill Orc Fighter began the quest for the Orb.
     0 | D:1      | Reached XP level 1. HP: 19/19 MP: 1/1
   324 | D:1      | Reached XP level 2. HP: 24/27 MP: 2/2
  1227 | D:2      | Reached XP level 3. HP: 26/33 MP: 3/3
  1587 | D:2      | Reached XP level 4. HP: 5/40 MP: 4/4
  1588 | D:2      | HP: 1/40 [gnoll/+0 club (4)]
  2093 | D:2      | Found a faded altar of an unknown god.
  2520 | D:3      | Slain by a wight

Illustrated notes

Levels and vault maps discovered:
D:1:      evilmike_arrival_crescent, layout_basic
D:2:      layout_basic, hellmonk_ecumenical_altar_dog_temple
D:3:      layout_basic, ashenzari_conservatory_becter,
          mainiacjoe_overflow_24_doors, uniq_grinder

Skill      XL: |  1  2  3  4 |
---------------+-------------+-----
Axes           | 3 4 |  4.4
Fighting       | 4 |  4.0
Armour         | 4 |  4.0
Shields        | 4 |  4.0

Action                   |  1- 3 |  4- 6 || total
-------------------------+-------+-------++-------
Melee: War axe           |   102 |    34 ||   136
Armor: Scale mail        |    50 |    25 ||    75
Dodge: Dodged            |    57 |    24 ||    81
Block: Buckler           |    33 |    10 ||    43
